 Dungeon Crawl Stone Soup version 0.28-a0-239-g68911e0c57 (webtiles) character file.

Game seed: 1626897935896619331

875 zdrol the Covered (level 7, -1/61 HPs)
             Began as a Minotaur Fighter on Aug 23, 2021.
             Was a Follower of Okawaru.
             Slain by an orc (6 damage)
             ... on level 5 of the Dungeon.
             The game lasted 00:20:36 (5202 turns).

zdrol the Covered (Minotaur Fighter)                Turns: 5202, Time: 00:20:36

Health: -1/61      AC:  9    Str: 22    XL:     7   Next: 74%
Magic:  6/6        EV:  8    Int:  5    God:    Okawaru [*.....]
Gold:   114        SH:  9    Dex: 10    Spells: 6/6 levels left

rFire   . . .      SeeInvis .   a - +0 long sword
rCold   . . .      Faith    .   c - +0 kite shield
rNeg    . . .      Spirit   .   b - +0 scale mail
rPois   .          Reflect  .   (helmet restricted)
rElec   .          Harm     .   (no cloak)
rCorr   .          Rampage  .   h - +0 pair of gloves
Will    +....                   (no boots)
Stlth   ..........              (no amulet)
HPRegen 0.20/turn               r - ring of willpower
MPRegen 0.10/turn               (no ring)

@: no status effects
A: horns 2, retaliatory headbutt
a: Renounce Religion, Heroism


You were on level 5 of the Dungeon.
You worshipped Okawaru.
Okawaru was aware of your devotion.
You visited 1 branch of the dungeon, and saw 5 of its levels.

You collected 179 gold pieces.
You spent 65 gold pieces at shops.

Inventory:

Hand Weapons
 a - a +0 long sword (weapon)
Missiles
 k - 4 poisoned darts (quivered)
 q - 4 atropa-tipped darts
 v - a throwing net
Armour
 b - a +0 scale mail (worn)
 c - a +0 kite shield (worn)
 h - a +0 pair of gloves (worn)
Jewellery
 r - a ring of willpower (left hand)
Wands
 e - a wand of flame (12)
Scrolls
 f - 3 scrolls of vulnerability
 g - a scroll of enchant weapon
 m - a scroll of magic mapping
 o - a scroll of silence {unknown}
 s - a scroll of brand weapon
 t - a scroll of amnesia {unknown}
 u - 2 scrolls of noise {unknown}
 w - 3 scrolls of enchant armour {unknown}
 x - a scroll of summoning {unknown}
Potions
 d - a potion of might
 i - a potion of flight {unknown}
 j - a potion of curing {unknown}
 l - 2 potions of brilliance
 n - 3 potions of attraction
 p - 2 potions of haste


   Skills:
 + Level 5.0 Fighting
 + Level 6.0 Long Blades
 + Level 2.0 Throwing
 + Level 6.4 Armour
 + Level 1.8 Dodging
 + Level 0.2 Stealth
 + Level 6.0 Shields
 + Level 1.0 Evocations


You had 6 spell levels left.
You didn't know any spells.
Your spell library contained the following spells:

 Spells                   Type           Power      Damage    Failure   Level
 Passwall                 Tmut/Erth      0%         N/A       99%         2
 Gell's Gravitas          Tloc           0%         N/A       100%        3
 Swiftness                Air            0%         N/A       100%        3
 Teleport Other           Tloc           0%         N/A       100%        3
 Dispersal                Tloc           0%         N/A       100%        6
 Invisibility             Hex            0%         N/A       100%        6


Dungeon Overview and Level Annotations

Branches:
Dungeon (5/15)
 Temple: D:4-7

Altars:
Fedhas
Okawaru

Shops:
D:4 *

Portals:
Abyss: D:5

Annotations:
D:5 1 transporter


Innate Abilities, Weirdness & Mutations

You have a pair of horns on your head.
You reflexively headbutt those who attack you in melee.


Message History

Your Throwing skill increases to level 2!
Your Evocations skill increases to level 1!
You start resting.
HP restored.
There is an open door here.
Found 16 gold pieces.
Found a transporter.
You now have 114 gold pieces (gained 16).
Found a long glass wand.
The kobold shouts!
You hear a chilling moan.
You open the door.
There is an open door here.
There is an open door here.
Found a one-way gate to the infinite horrors of the Abyss.
An orc comes into view. It is wielding a +0 flail.
The orc shouts!
You hear a shout! x3
An orc comes into view. It is wielding a +0 falchion.
The orc moves out of view.
You hear a shout!
An orc warrior comes into view. It is wielding a +0 glaive.
The orc warrior moves out of view.
An orc comes into view. It is wielding a +0 hand axe.
The orc warrior hits you from afar with a +0 glaive!
The orc moves out of view.
An orc comes into view. It is wielding a +0 short sword.
The orc shouts!
You hear an angry hiss.
The orc warrior hits you from afar with a +0 glaive!
You hit the orc but do no damage. Your headbutt misses the orc.
The orc barely misses you.
You riposte.
You barely miss the orc.
The orc warrior hits you from afar with a +0 glaive.
The orc hits you with a +0 flail!
You hit the orc but do no damage.
The orc warrior hits you from afar with a +0 glaive!
* * * LOW HITPOINT WARNING * * *
You block the orc's attack.
You closely miss the orc. You headbutt the orc, but do no damage.
The orc warrior hits you from afar with a +0 glaive!
* * * LOW HITPOINT WARNING * * *
The orc hits you with a +0 flail.
You die...

........# ........#
......# ........#
.......###. ..........
...........
#.########.... ......
#.# ###...[ oo..#
#.######...# #oo.
#........#######o#######
...###..........@.......
...#....................
...#.#.......♣##..♣##...
...'........##.#### # #
...#.#####..#.#.#♣.
...#.##.....#.....∩
...#.##....##.##... ##
...#.##...##.#.### .^#.#
...#.##...###..#.♣#....#


You could see an orc warrior and 4 orcs.

Vanquished Creatures
  A necrophage (D:4)
  An ogre (D:4)
  3 scorpions
  A jelly (D:5)
  3 orc priests
  A hound (D:4)
  An iguana (D:5)
  Natasha (thrice) (D:4)
  An orc wizard (D:5)
  A hound skeleton (D:4)
  10 gnolls
  3 adders
  A white imp (D:4)
  An ufetubus (D:4)
  An adder skeleton (D:4)
  3 worms
  4 dart slugs
  7 orcs
  5 bats
  9 endoplasms
  2 giant cockroaches
  6 goblins
  10 hobgoblins
  4 quokkas
  9 ball pythons
  5 frilled lizards
  12 kobolds
  6 rats
114 creatures vanquished.

Notes
Turn   | Place    | Note
-------+----------+-------------------------------------------
     0 | D:1      | zdrol the Minotaur Fighter began the quest for the Orb.
     0 | D:1      | Reached XP level 1. HP: 19/19 MP: 0/0
   335 | D:1      | Reached XP level 2. HP: 27/27 MP: 1/1
   842 | D:1      | Found a faded altar of an unknown god.
   849 | D:1      | You fall into a shaft and drop 1 floor!
  1030 | D:2      | Reached XP level 3. HP: 33/33 MP: 2/2
  1164 | D:2      | Found an iron altar of Okawaru.
  1188 | D:2      | Became a worshipper of Warmaster Okawaru
  1860 | D:3      | Reached XP level 4. HP: 40/40 MP: 3/3
  2457 | D:3      | Reached XP level 5. HP: 35/46 MP: 4/4
  3231 | D:4      | Found a blossoming altar of Fedhas.
  3249 | D:4      | Found Byawkud's General Store.
  3258 | D:4      | Bought a potion of heal wounds for 65 gold pieces
  3267 | D:4      | Noticed Natasha
  3281 | D:4      | Reached skill level 1 in Dodging
  3305 | D:4      | Reached skill level 1 in Throwing
  3305 | D:4      | Reached skill level 5 in Armour
  3305 | D:4      | Reached XP level 6. HP: 30/53 MP: 5/5
  3308 | D:4      | Killed Natasha
  3417 | D:4      | Noticed Natasha
  3433 | D:4      | Killed Natasha
  3434 | D:4      | Reached skill level 5 in Long Blades
  3527 | D:4      | Reached skill level 5 in Shields
  3540 | D:4      | Reached * piety under Okawaru
  3716 | D:4      | Noticed Natasha
  3721 | D:4      | Killed Natasha
  3794 | D:4      | Reached XP level 7. HP: 44/60 MP: 6/6
  4182 | D:5      | Entered Level 5 of the Dungeon
  4918 | D:5      | Reached skill level 5 in Fighting
  4918 | D:5      | Reached skill level 1 in Evocations
  5149 | D:5      | Found a transporter.
  5189 | D:5      | Found a one-way gate to the infinite horrors of the Abyss.
  5202 | D:5      | Slain by an orc

Illustrated notes

Levels and vault maps discovered:
D:1:      doesnt_arrival_eight_statues, layout_loops_corners,
          shapermc_ecumenical_altar_acropolis, kennysheep_another_room
D:2:      layout_basic, basic_altar, minmay_heptomino_w4
D:3:      layout_loops_ring
D:4:      layout_basic, fedhas_altar_3, serial_shops,
          nicolae_shop_competitors_out_of_business, minivault_1, minmay_unequal,
          uniq_natasha
D:5:      layout_basic, gammafunk_ghost_abyssal_escape

Skill      XL: |  1  2  3  4  5  6  7 |
---------------+----------------------+-----
Shields        | 4 5 6 |  6.0
Fighting       | 4 5 |  5.0
Armour         | 4 5 6 |  6.4
Long Blades    | 3 4 5 6 |  6.0
Dodging        | 1 |  1.8
Throwing       | 1 2 |  2.0
Evocations     | 1 |  1.0
Stealth        | |  0.2

Action                   |  1- 3 |  4- 6 |  7- 9 || total
-------------------------+-------+-------+-------++-------
Melee: Long sword        |   105 |   140 |    61 ||   306
       Headbutt          |    14 |    24 |     9 ||    47
Throw: Dart              |     4 |    16 |     7 ||    27
Evoke: Wand              |       |       |     2 ||     2
  Use: Scroll            |     5 |       |     3 ||     8
       Potion            |       |     1 |       ||     1
Armor: Scale mail        |    68 |    48 |    20 ||   136
Dodge: Dodged            |    38 |    45 |    20 ||   103
Block: Kite shield       |    54 |    79 |    31 ||   164
       Rpst.: Long sword |     7 |    13 |     4 ||    24

Table legend: (Time is in decaauts)
 A = Elapsed time spent in this place.
 B = Non-inter-level travel time spent in this place.
 C = Inter-level travel time spent in this place.
 D = Time resting spent in this place.
 E = Time spent auto-exploring this place.
 F = Levels seen in this place.
 G = Mean time per level.
                   A        B        C        D        E       F      G
               +--------+--------+--------+--------+--------+-----+--------+
         Total |   5326 |   5326 |      0 |    793 |   2509 |   5 | 1065.2 |
       Dungeon |   5326 |   5326 |      0 |    793 |   2509 |   5 | 1065.2 |
               +--------+--------+--------+--------+--------+-----+--------+

Top non-repeatable levels by time:
     D:3: 1261 daAuts
     D:4: 1217 daAuts
     D:5: 1036 daAuts
     D:2: 944 daAuts
     D:1: 867 daAuts
